TOP OF THE 1ST |
Pennsylvania State University Nittany Lions batting - Pitching for Oklahoma State University Cowboys : LHP Josh Bologna
|
Pitching: LHP Josh Bologna
|
|
Batting: RHB Julian Gregory
|
0-0: Ground out 4-3 (Groundball, 13, EV 88.1 MPH)
|
Batting: RHB Chris Trites
|
0-0: Called Strike 0-1: Ball 1-1: Ball 2-1: Ball 3-1: Foul Ball, location: 2F 3-2: SINGLE (Line Drive, 4MD, EV 108.1 MPH)
|
Batting: LHB Tyler Francis
|
0-0: Ball Wild Pitch! Chris Trites to second 1-0: Foul Ball, location: 2F 1-1: Foul Ball, location: 2F 1-2: Fly out, F8 (Flyball, 78D, EV 103.8 MPH)
|
Batting: RHB Brian Rogers
|
0-0: Foul Ball, location: 2F 0-1: Called Strike 0-2: Ball 1-2: Foul Ball, location: 2F 1-2: Ball Wild Pitch! Chris Trites to third 2-2: Ball 3-2: Foul Ball, location: 2F 3-2: Fly out, F8 (Flyball, 78M, EV 91.9 MPH)
|
Top of the 1st over - 0 runs, 1 hit, 0 errors, 1 left on base; Pennsylvania State University 0 - Oklahoma State University 0 |
BOTTOM OF THE 1ST |
Oklahoma State University Cowboys batting - Pitching for Pennsylvania State University Nittany Lions : RHP Teruhiko Ushijima
|
Pitching: RHP Teruhiko Ushijima
|
|
Batting: RHB Josh Hopp
|
0-0: Bunted foul 0-1: Ball 1-1: Ball 2-1: Ball 3-1: Base on Balls
|
Batting: RHB Larry Clark
|
0-0: Ball 1-0: Ball 2-0: Fly out, F9 (Flyball, 89D, EV 91.9 MPH) Runner from 1st tags up, SAFE at 2nd
|
Batting: RHB Kinzo Yokoyama
|
0-0: SINGLE (Line Drive, 89S, EV 104.4 MPH) Josh Hopp to third Runner from 3rd tries for Home, SAFE, throw by CF to home
|
Batting: LHB John Fortin
|
0-0: Ball 1-0: Called Strike 1-1: Ball 2-1: Foul Ball, location: 2F 2-2: Strikes out swinging
|
Batting: SHB Chris Wagler
|
0-0: Ball 1-0: Called Strike 1-1: Foul Ball, location: 2F 1-2: 2-RUN HOME RUN (Flyball, 7D, EV 95.6 MPH), Distance : 380 ft
|
Batting: RHB Robbie Gomez
|
0-0: Called Strike 0-1: Ball 1-1: Foul Ball, location: 2F 1-2: Fly out, F3 (Popup, 3SF, EV 81.9 MPH)
|
Bottom of the 1st over - 3 runs, 2 hits, 0 errors, 0 left on base; Pennsylvania State University 0 - Oklahoma State University 3 |
TOP OF THE 2ND |
Pennsylvania State University Nittany Lions batting - Pitching for Oklahoma State University Cowboys : LHP Josh Bologna
|
Batting: RHB Tim Long
|
0-0: Ball 1-0: Ground out 5-3 (Groundball, 56, EV 88.1 MPH)
|
Batting: RHB Ben Burkholder
|
0-0: Ball 1-0: Called Strike 1-1: Called Strike 1-2: Ground out 3-1 (Groundball, 34, EV 91.3 MPH)
|
Batting: RHB Eric Wiss
|
0-0: DOUBLE (Groundball, 5L, EV 103.1 MPH)
|
Batting: RHB Ethan Finke
|
0-0: Ball 1-0: Foul Ball, location: 2F 1-1: Ball 2-1: Ground out 3-1 (Groundball, 34, EV 76.9 MPH)
|
Top of the 2nd over - 0 runs, 1 hit, 0 errors, 1 left on base; Pennsylvania State University 0 - Oklahoma State University 3 |
BOTTOM OF THE 2ND |
Oklahoma State University Cowboys batting - Pitching for Pennsylvania State University Nittany Lions : RHP Teruhiko Ushijima
|
Batting: LHB Ed Talamantes
|
0-0: Ball 1-0: Foul Ball, location: 2F 1-1: Foul Ball, location: 2F 1-2: Ball 2-2: Ball 3-2: Fly out, F5 (Popup, 5S, EV 81.9 MPH)
|
Batting: SHB Tyler Maddux
|
0-0: Foul Ball, location: 2F 0-1: Ground out 2-3 (Groundball, 13S, EV 70.6 MPH)
|
Batting: RHB Mario Arriero
|
0-0: Called Strike 0-1: Ground out 5-3 (Groundball, 56, EV 80.6 MPH)
|
Bottom of the 2nd over - 0 runs, 0 hits, 0 errors, 0 left on base; Pennsylvania State University 0 - Oklahoma State University 3 |
TOP OF THE 3RD |
Pennsylvania State University Nittany Lions batting - Pitching for Oklahoma State University Cowboys : LHP Josh Bologna
|
Batting: RHB Luke Vaccarino
|
0-0: Foul Ball, location: 2F 0-1: Fly out, F9 (Flyball, 9LM, EV 90.6 MPH)
|
Batting: RHB Julian Gregory
|
0-0: SINGLE (Groundball, 3D, EV 98.1 MPH)
|
Batting: RHB Chris Trites
|
0-0: Called Strike 0-1: Ball 1-1: Called Strike 1-2: Strikes out swinging
|
Batting: LHB Tyler Francis
|
0-0: Called Strike 0-1: Ball 1-1: Ball 2-1: Fielders Choice at 2nd, U6 (Groundball, 6M, EV 103.1 MPH)
|
Top of the 3rd over - 0 runs, 1 hit, 0 errors, 1 left on base; Pennsylvania State University 0 - Oklahoma State University 3 |
BOTTOM OF THE 3RD |
Oklahoma State University Cowboys batting - Pitching for Pennsylvania State University Nittany Lions : RHP Teruhiko Ushijima
|
Batting: RHB Josh Hopp
|
0-0: Called Strike 0-1: Ball 1-1: Called Strike 1-2: Strikes out swinging
|
Batting: RHB Larry Clark
|
0-0: Fly out, F7 (Flyball, 7S, EV 89.4 MPH)
|
Batting: RHB Kinzo Yokoyama
|
0-0: Foul Ball, location: 2F 0-1: Ball 1-1: Foul Ball, location: 2F 1-2: Ball 2-2: Ball 3-2: Base on Balls
|
Batting: LHB John Fortin
|
0-0: Called Strike 0-1: Swinging Strike 0-2: Strikes out looking
|
Bottom of the 3rd over - 0 runs, 0 hits, 0 errors, 1 left on base; Pennsylvania State University 0 - Oklahoma State University 3 |
TOP OF THE 4TH |
Pennsylvania State University Nittany Lions batting - Pitching for Oklahoma State University Cowboys : LHP Josh Bologna
|
Batting: RHB Brian Rogers
|
0-0: Ball 1-0: Ball 2-0: Ball 3-0: Base on Balls
|
Batting: RHB Tim Long
|
0-0: Ball 1-0: Swinging Strike 1-1: Grounds into double play, 6-4-3 (Groundball, 6, EV 105.6 MPH)
|
Batting: RHB Ben Burkholder
|
0-0: Ball 1-0: Called Strike 1-1: Ball 2-1: SINGLE (Line Drive, 89S, EV 100.0 MPH)
|
Batting: RHB Eric Wiss
|
0-0: Reached on error, E4 (Groundball, 4M, EV 80.6 MPH) Ben Burkholder to second
|
Batting: RHB Ethan Finke
|
0-0: SINGLE (Line Drive, 4D, EV 101.3 MPH) Ben Burkholder to third Eric Wiss to second
|
Batting: RHB Luke Vaccarino
|
0-0: Ball 1-0: Ball 2-0: Ground out 1-3 (Groundball, 34S, EV 70.6 MPH)
|
Top of the 4th over - 0 runs, 2 hits, 1 error, 3 left on base; Pennsylvania State University 0 - Oklahoma State University 3 |
BOTTOM OF THE 4TH |
Oklahoma State University Cowboys batting - Pitching for Pennsylvania State University Nittany Lions : RHP Teruhiko Ushijima
|
Batting: SHB Chris Wagler
|
0-0: Fly out, F8 (Line Drive, 8RD, EV 88.1 MPH)
|
Batting: RHB Robbie Gomez
|
0-0: Called Strike 0-1: Foul Ball, location: 2F 0-2: Ball 1-2: Ball 2-2: Ball 3-2: Base on Balls
|
Batting: LHB Ed Talamantes
|
0-0: Called Strike 0-1: Swinging Strike 0-2: Ball 1-2: Foul Ball, location: 2F 1-2: Fly out, F7 (Flyball, 78S, EV 92.5 MPH)
|
Batting: SHB Tyler Maddux
|
0-0: Ball 1-0: Called Strike 1-1: Foul Ball, location: 2F 1-2: Fly out, F7 (Flyball, 7LM, EV 96.9 MPH)
|
Bottom of the 4th over - 0 runs, 0 hits, 0 errors, 1 left on base; Pennsylvania State University 0 - Oklahoma State University 3 |
TOP OF THE 5TH |
Pennsylvania State University Nittany Lions batting - Pitching for Oklahoma State University Cowboys : LHP Josh Bologna
|
Batting: RHB Julian Gregory
|
0-0: Ball 1-0: Ball 2-0: Foul Ball, location: 2F 2-1: SINGLE (Groundball, 5D, EV 94.4 MPH)
|
Batting: RHB Chris Trites
|
0-0: Ball 1-0: Bunt missed! 1-1: Ball 2-1: Ball 3-1: Sac Bunt to 25 - play at first, batter OUT! 5-4 Julian Gregory to second
|
Batting: LHB Tyler Francis
|
0-0: Ball 1-0: Ball 2-0: Ball 3-0: Called Strike 3-1: Called Strike 3-2: Foul Ball, location: 2F 3-2: Foul Ball, location: 2F 3-2: Ground out 4-3 (Groundball, 4, EV 84.4 MPH) Julian Gregory to third
|
Batting: RHB Brian Rogers
|
0-0: Ball 1-0: Swinging Strike 1-1: Called Strike 1-2: Ball 2-2: Ball 3-2: Fly out, F8 (Flyball, 78D, EV 90.0 MPH)
|
Top of the 5th over - 0 runs, 1 hit, 0 errors, 1 left on base; Pennsylvania State University 0 - Oklahoma State University 3 |
BOTTOM OF THE 5TH |
Oklahoma State University Cowboys batting - Pitching for Pennsylvania State University Nittany Lions : RHP Teruhiko Ushijima
|
Batting: RHB Mario Arriero
|
0-0: Swinging Strike 0-1: Called Strike 0-2: Strikes out looking
|
Batting: RHB Josh Hopp
|
0-0: Ball 1-0: Foul Ball, location: 2F 1-1: Ball 2-1: Swinging Strike 2-2: Foul Ball, location: 2F 2-2: Foul Ball, location: 2F 2-2: Strikes out looking
|
Batting: RHB Larry Clark
|
0-0: Ball 1-0: Ball 2-0: Foul Ball, location: 2F 2-1: Foul Ball, location: 2F 2-2: Ball 3-2: Base on Balls
|
Batting: RHB Kinzo Yokoyama
|
0-0: Ball 1-0: Fly out, F8 (Flyball, 8LM, EV 90.6 MPH)
|
Bottom of the 5th over - 0 runs, 0 hits, 0 errors, 1 left on base; Pennsylvania State University 0 - Oklahoma State University 3 |
TOP OF THE 6TH |
Pennsylvania State University Nittany Lions batting - Pitching for Oklahoma State University Cowboys : LHP Josh Bologna
|
Pitching: RHP Rickey DuMire
|
|
Batting: RHB Tim Long
|
0-0: Called Strike 0-1: Called Strike 0-2: Ball 1-2: Strikes out swinging
|
Batting: RHB Ben Burkholder
|
0-0: Ball 1-0: Called Strike 1-1: Fly out, F4 (Popup, 4, EV 51.3 MPH)
|
Batting: RHB Eric Wiss
|
0-0: Ball 1-0: Called Strike 1-1: Called Strike 1-2: Ball 2-2: Ball 3-2: Base on Balls
|
Batting: RHB Ethan Finke
|
0-0: Ball 1-0: Foul Ball, location: 2F 1-1: Ground out 4-3 (Groundball, 4, EV 106.3 MPH)
|
Top of the 6th over - 0 runs, 0 hits, 0 errors, 1 left on base; Pennsylvania State University 0 - Oklahoma State University 3 |
BOTTOM OF THE 6TH |
Oklahoma State University Cowboys batting - Pitching for Pennsylvania State University Nittany Lions : RHP Teruhiko Ushijima
|
Pitching: RHP Nick Kempson
|
|
Batting: LHB John Fortin
|
0-0: Fly out, F8 (Flyball, 78M, EV 81.3 MPH)
|
Batting: SHB Chris Wagler
|
0-0: Called Strike 0-1: Foul Ball, location: 2F 0-2: Strikes out looking
|
Batting: RHB Robbie Gomez
|
0-0: Called Strike 0-1: Ball 1-1: Fly out, F8 (Flyball, 8LM, EV 83.8 MPH)
|
Bottom of the 6th over - 0 runs, 0 hits, 0 errors, 0 left on base; Pennsylvania State University 0 - Oklahoma State University 3 |
TOP OF THE 7TH |
Pennsylvania State University Nittany Lions batting - Pitching for Oklahoma State University Cowboys : RHP Rickey DuMire
|
Batting: RHB Luke Vaccarino
|
0-0: Ball 1-0: Ball 2-0: Ball 3-0: Base on Balls
|
Batting: RHB Julian Gregory
|
0-0: Foul Ball, location: 2F 0-1: Ball 1-1: Ball 2-1: Sac Bunt to 2L - play at second, runner OUT! 2-6
|
Batting: RHB Chris Trites
|
0-0: Called Strike 0-1: Ball 1-1: Ball 2-1: Ball 3-1: SINGLE (Flyball, 9LS, EV 93.1 MPH) Julian Gregory to second Runner from 2nd tries for 3rd, SAFE, throw by RF made to third
|
Batting: LHB Tyler Francis
|
0-0: Swinging Strike 0-1: SINGLE (Flyball, 56D, EV 96.3 MPH) Julian Gregory scores Chris Trites to second
|
Batting: RHB Brian Rogers
|
0-0: Called Strike 0-1: Called Strike 0-2: Ball 1-2: Ball 2-2: Ball 3-2: Strikes out swinging
|
Batting: RHB Tim Long
|
0-0: Ball 1-0: Ground out 4-3 (Groundball, 34, EV 81.3 MPH)
|
Top of the 7th over - 1 run, 2 hits, 0 errors, 2 left on base; Pennsylvania State University 1 - Oklahoma State University 3 |
BOTTOM OF THE 7TH |
Oklahoma State University Cowboys batting - Pitching for Pennsylvania State University Nittany Lions : RHP Nick Kempson
|
Batting: LHB Ed Talamantes
|
0-0: Ball 1-0: Ball 2-0: Ball 3-0: Base on Balls
|
Batting: SHB Tyler Maddux
|
0-0: Bunted foul 0-1: Sac Bunt to 2L - play at first, batter OUT! 2-4 Ed Talamantes to second
|
Batting: RHB Mario Arriero
|
0-0: Called Strike 0-1: Called Strike 0-2: Strikes out swinging
|
Batting: RHB Josh Hopp
|
0-0: Ball 1-0: Ball 2-0: Called Strike 2-1: Called Strike 2-2: Strikes out swinging
|
Bottom of the 7th over - 0 runs, 0 hits, 0 errors, 1 left on base; Pennsylvania State University 1 - Oklahoma State University 3 |
TOP OF THE 8TH |
Pennsylvania State University Nittany Lions batting - Pitching for Oklahoma State University Cowboys : RHP Rickey DuMire
|
Pitching: LHP Manny Santiago
|
|
Batting: RHB Ben Burkholder
|
0-0: Ball 1-0: Ball 2-0: Ball 3-0: Base on Balls
|
Batting: RHB Eric Wiss
|
0-0: Foul Ball, location: 2F 0-1: Called Strike 0-2: Strikes out swinging
|
Batting: RHB Ethan Finke
|
0-0: Swinging Strike 0-1: Ball 1-1: Foul Ball, location: 2F 1-2: Strikes out swinging
|
Batting: RHB Luke Vaccarino
|
0-0: Foul Ball, location: 2F 0-1: Swinging Strike 0-2: Strikes out swinging
|
Top of the 8th over - 0 runs, 0 hits, 0 errors, 1 left on base; Pennsylvania State University 1 - Oklahoma State University 3 |
BOTTOM OF THE 8TH |
Oklahoma State University Cowboys batting - Pitching for Pennsylvania State University Nittany Lions : RHP Nick Kempson
|
Pitching: RHP Aaron Meiggs
|
|
Batting: RHB Larry Clark
|
0-0: Ball 1-0: Ball 2-0: Ball 3-0: Called Strike 3-1: Foul Ball, location: 2F 3-2: Base on Balls
|
Batting: RHB Kinzo Yokoyama
|
0-0: Ball 1-0: Ball 2-0: Fly out, F9 (Flyball, 9, EV 92.5 MPH)
|
Batting: LHB John Fortin
|
0-0: Ball Larry Clark is caught stealing 2nd base 2-6 1-0: Foul Ball, location: 2F 1-1: Fly out, F9 (Flyball, 89S, EV 88.1 MPH)
|
Bottom of the 8th over - 0 runs, 0 hits, 0 errors, 0 left on base; Pennsylvania State University 1 - Oklahoma State University 3 |
TOP OF THE 9TH |
Pennsylvania State University Nittany Lions batting - Pitching for Oklahoma State University Cowboys : LHP Manny Santiago
|
Pitching: LHP Fadeuka Aleev
|
|
Batting: RHB Julian Gregory
|
0-0: Ball 1-0: Ball 2-0: Called Strike 2-1: Foul Ball, location: 2F 2-2: Strikes out looking
|
Batting: RHB Chris Trites
|
0-0: Called Strike 0-1: Foul Ball, location: 2F 0-2: Strikes out swinging
|
Batting: LHB Tyler Francis
|
0-0: Called Strike 0-1: Foul Ball, location: 2F 0-2: Foul Ball, location: 2F 0-2: Ball 1-2: Ground out 4-3 (Groundball, 4, EV 90.6 MPH)
|
Top of the 9th over - 0 runs, 0 hits, 0 errors, 0 left on base; Pennsylvania State University 1 - Oklahoma State University 3 |
|